 Dungeon Crawl Stone Soup version 0.32-a0-41-gec2d92a32c (webtiles) character file.

Game seed: 8100247005140423430

91 whatisthis the Sneak (level 4, -8/38 HPs)
             Began as a Gnoll Brigand on Jan 25, 2024.
             Mangled by a gnoll
             ... wielding a +1 heavy flail
             ... led by a gnoll bouda
              (14 damage)
             ... on level 3 of the Dungeon.
             The game lasted 00:04:55 (2007 turns).

whatisthis the Sneak (Gnoll Brigand)                Turns: 2007, Time: 00:04:55

Health: -8/38      AC: 11    Str: 17    XL:     4   Next: 57%
Magic:  5/5        EV: 10    Int: 10    God:
Gold:   246        SH:  0    Dex: 15    Spells: 5/5 levels left

rFire   . . .        j - +2 dagger (elec)
rCold   . . .        (no shield)
rNeg    . . .        b - +0 scale mail
rPois   .            (no helmet)
rElec   .            c - +0 cloak
rCorr   .            (no gloves)
SInv    .            (no boots)
Will    .....        (no amulet)
Stlth   ++           k - +6 ring of strength
HPRegen 0.26/turn    p - +4 ring of protection
MPRegen 0.09/turn

%: no passive effects
@: no status effects
A: fangs 1, strong nose, distributed training
a: no special abilities


You were on level 3 of the Dungeon.
You visited 1 branch of the dungeon, and saw 4 of its levels.

You collected 246 gold pieces.

Inventory:

Hand Weapons
 i - a +0 rapier
 j - a +2 dagger of electrocution (weapon)
Missiles
 d - 11 poisoned darts (quivered)
 e - 3 curare-tipped darts
 m - 4 boomerangs
Armour
 b - a +0 scale mail (worn)
 c - a +0 cloak (worn)
Jewellery
 k - a +6 ring of strength (left hand)
 p - a +4 ring of protection (right hand)
Scrolls
 a - 2 scrolls of revelation {unknown}
 h - 4 scrolls of identify {unknown}
 l - a scroll of poison {unknown}
 n - a scroll of enchant weapon {unknown}
 u - a scroll of fog {unknown}
 w - 3 scrolls of butterflies {unknown}
 x - a scroll of amnesia {unknown}
Potions
 f - a potion of heal wounds {unknown}
 g - a potion of berserk rage {unknown}
 o - a potion of resistance {unknown}
 q - a potion of enlightenment {unknown}
 r - a potion of mutation {unknown}
 s - a potion of attraction {unknown}
 t - a potion of cancellation {unknown}
 v - a potion of might {unknown}


   Skills:
 + Level 4.7 Fighting
 + Level 4.7 Short Blades
 + Level 1.2 Long Blades
 + Level 1.2 Axes
 + Level 1.2 Maces & Flails
 + Level 1.2 Polearms
 + Level 1.2 Staves
 + Level 1.2 Ranged Weapons
 + Level 4.7 Throwing
 + Level 1.2 Armour
 + Level 2.8 Dodging
 + Level 7.8 Stealth
 + Level 1.2 Shields
 + Level 1.2 Unarmed Combat
 + Level 1.2 Spellcasting
 + Level 1.0 Conjurations
 + Level 1.0 Hexes
 + Level 1.0 Summonings
 + Level 1.0 Necromancy
 + Level 1.0 Translocations
 + Level 1.0 Fire Magic
 + Level 1.0 Ice Magic
 + Level 1.0 Air Magic
 + Level 1.0 Earth Magic
 + Level 1.0 Alchemy
 + Level 1.3 Invocations
 + Level 1.2 Evocations
 + Level 1.1 Shapeshifting


You had 5 spell levels left.
You didn't know any spells.
Your spell library contained the following spells:

 Spells                   Type           Power      Damage    Failure   Level
 Sandblast                Erth           4%         2d4       58%         1
 Passwall                 Erth           2%         N/A       92%         3
 Stone Arrow              Conj/Erth      4%         3d7       92%         3
 Brom's Barrelling Bould  Conj/Erth      2%         2d3       100%        4


Dungeon Overview and Level Annotations

Branches:
Dungeon (4/15)
 Temple: D:4-7

Altars:

Shops:
D:1 :


Innate Abilities, Weirdness & Mutations

You have very sharp teeth.
Your uncanny sense of smell can sniff out nearby items.
Your experience applies equally to all skills.


Message History

Found an escape hatch in the ceiling.
Found a war axe.
You now have 246 gold pieces (gained 12).
You open the large door.
A hound, a gnoll bouda and 5 gnolls come into view.
A gnoll is wielding a +1 heavy flail.
The gnoll shouts! x3
A sleepcap comes into view.
An endoplasm comes into view.
A jackal comes into view.
The gnoll bouda shouts!
The gnoll shouts!
Found 63 gold pieces, 4 stones and a scroll labelled OCLEN HEUJOXT.
The gnoll bouda gazes fiercely through you!
You feel your attacks grow feeble.
The gnoll bouda barks out a call to the hunt!
The gnolls pick up the pace!
You hear a bark!
The gnoll attacks as it pursues you! The gnoll misses you.
Okay, then.
Your attacks no longer feel as feeble.
The gnoll misses you. The gnoll closely misses you.
The gnoll hits you but does no damage. x2
The gnoll hits you from afar with a +0 halberd.
The gnoll barely misses you. The hound bites you but does no damage.
The gnoll barely misses you. The gnoll attacks as it pursues you!
The gnoll hits you but does no damage. The gnoll attacks as it pursues you!
The gnoll hits you with a +0 club.
The gnoll hits you from afar with a +0 halberd!
The hound bites you but does no damage.
There is an escape hatch in the ceiling, spattered with blood here.
The gnoll hits you with a +0 club. The hound barely misses you.
The gnoll barely misses you. x2
A mysterious force pulls you upwards. The hatch slams shut behind you.
The hound attacks as it pursues you! The hound closely misses you.
The gnoll hits you but does no damage.
The gnoll hits you with a +1 heavy flail!
* * * LOW HITPOINT WARNING * * *
The hound bites you.
* * * LOW HITPOINT WARNING * * *
The gnoll hits you with a +1 heavy flail!
You die...

########## ##...##...##
##..........##
#################......^.....####
...............##g...............
######......##..@hg..............
##........#####..........#....
#..........####....#....######
#...............####.####
#...........##### #.#
#...........# #.# ####
#...........# #.# #...
#####........### #.# #...
....#........#### #####.######...


You could see a hound and 2 gnolls.

Vanquished Creatures
  A hound (D:4)
  An adder (D:3)
  A ribbon worm (D:3)
  3 orcs (D:3)
  5 ball pythons
  4 endoplasms
  2 giant cockroaches
  7 goblins
  6 hobgoblins
  A quokka (D:1)
  7 bats
  A frilled lizard (D:1)
  5 kobolds
  2 rats (D:1)
46 creatures vanquished.

Notes
Turn   | Place    | Note
-------+----------+-------------------------------------------
     0 | D:1      | whatisthis the Gnoll Brigand began the quest for the Orb.
     0 | D:1      | Reached XP level 1. HP: 20/20 MP: 1/1
   152 | D:1      | Reached XP level 2. HP: 26/26 MP: 2/2
   313 | D:1      | Found a faded altar of an unknown god.
   481 | D:1      | Found Uprexe's Vocational Training.
   731 | D:1      | Reached XP level 3. HP: 31/31 MP: 3/3
  1113 | D:2      | Reached skill level 1 in Invocations
  1499 | D:3      | Reached skill level 1 in Long Blades
  1499 | D:3      | Reached skill level 1 in Axes
  1499 | D:3      | Reached skill level 1 in Maces & Flails
  1499 | D:3      | Reached skill level 1 in Polearms
  1499 | D:3      | Reached skill level 1 in Staves
  1499 | D:3      | Reached skill level 1 in Ranged Weapons
  1499 | D:3      | Reached skill level 1 in Armour
  1499 | D:3      | Reached skill level 1 in Shields
  1499 | D:3      | Reached skill level 1 in Unarmed Combat
  1499 | D:3      | Reached skill level 1 in Spellcasting
  1499 | D:3      | Reached skill level 1 in Evocations
  1577 | D:3      | Reached skill level 1 in Shapeshifting
  1577 | D:3      | Reached XP level 4. HP: 38/38 MP: 5/5
  1940 | D:4      | Reached skill level 1 in Conjurations
  1940 | D:4      | Reached skill level 1 in Hexes
  1940 | D:4      | Reached skill level 1 in Summonings
  1940 | D:4      | Reached skill level 1 in Necromancy
  1940 | D:4      | Reached skill level 1 in Translocations
  1940 | D:4      | Reached skill level 1 in Fire Magic
  1940 | D:4      | Reached skill level 1 in Ice Magic
  1940 | D:4      | Reached skill level 1 in Air Magic
  1940 | D:4      | Reached skill level 1 in Earth Magic
  1940 | D:4      | Reached skill level 1 in Alchemy
  2007 | D:3      | Mangled by a gnoll

Illustrated notes

Levels and vault maps discovered:
D:1:      scummos_arrival_checkerplants, layout_loops_ring,
          shapermc_ecumenical_altar_flowoftime, minmay_misc_feat_chi,
          wad_floor_pattern_untrapped, nicolae_shop_vocational
D:2:      layout_loops_ring, serial_bayou_pond_c, minivault_23
D:3:      layout_rooms
D:4:      minmay_polygon_palace, layout_basic, serial_bayou_pond_c, uniq_pikel

Skill      XL: |  1  2  3  4 |
---------------+-------------+-----
Invocations    | 1 |  1.3
Long Blades    | 1 |  1.2
Axes           | 1 |  1.2
Maces & Flails | 1 |  1.2
Polearms       | 1 |  1.2
Staves         | 1 |  1.2
Ranged Weapons | 1 |  1.2
Armour         | 1 |  1.2
Shields        | 1 |  1.2
Unarmed Combat | 1 |  1.2
Spellcasting   | 1 |  1.2
Evocations     | 1 |  1.2
Shapeshifting  | 1 |  1.1
Conjurations   | 1 |  1.0
Hexes          | 1 |  1.0
Summonings     | 1 |  1.0
Necromancy     | 1 |  1.0
Translocations | 1 |  1.0
Fire Magic     | 1 |  1.0
Ice Magic      | 1 |  1.0
Air Magic      | 1 |  1.0
Earth Magic    | 1 |  1.0
Alchemy        | 1 |  1.0
Fighting       | |  4.7
Short Blades   | |  4.7
Throwing       | |  4.7
Dodging        | |  2.8
Stealth        | |  7.8

Action                     |  1- 3 |  4- 6 || total
---------------------------+-------+-------++-------
  Melee: Dagger            |    98 |    13 ||   111
         Bite              |     7 |     1 ||     8
         Rapier            |     2 |       ||     2
   Stab: Sleeping          |    16 |       ||    16
 Armour: Robe              |    33 |       ||    33
         Scale mail        |       |    21 ||    21
         Ring mail         |       |     1 ||     1
  Dodge: Dodged            |    72 |    11 ||    83

Table legend: (Time is in decaauts)
 A = Elapsed time spent in this place.
 B = Non-inter-level travel time spent in this place.
 C = Inter-level travel time spent in this place.
 D = Time resting spent in this place.
 E = Time spent auto-exploring this place.
 F = Levels seen in this place.
 G = Mean time per level.
                   A        B        C        D        E       F      G
               +--------+--------+--------+--------+--------+-----+--------+
         Total |   1980 |   1864 |    116 |     21 |   1231 |   4 |  495.0 |
       Dungeon |   1980 |   1864 |    116 |     21 |   1231 |   4 |  495.0 |
               +--------+--------+--------+--------+--------+-----+--------+

Top non-repeatable levels by time:
     D:1: 764 daAuts
     D:2: 601 daAuts
     D:3: 457 daAuts
     D:4: 158 daAuts
